 Dungeon Crawl Stone Soup version 0.27.1 (webtiles) character file.

Game seed: 15433927859719833871

12117 GameOver the Covert (level 11, -2/81 HPs)
             Began as a Naga Hedge Wizard on Sept 3, 2021.
             Was an Elder of Kikubaaqudgha.
             Slain by a death yak simulacrum (14 damage)
             ... in an ice cave.
             The game lasted 01:25:24 (9538 turns).

GameOver the Covert (Naga Hedge Wizard)             Turns: 9538, Time: 01:25:25

Health: -2/81      AC: 26    Str: 12    XL:     11   Next: 88%
Magic:  0/24       EV:  7    Int: 24    God:    Kikubaaqudgha [****..]
Gold:   1122       SH:  0    Dex: 11    Spells: 0/28 levels left

rFire    + . .     SeeInvis +   w - +3 dire flail (protect)
rCold    + + .     Faith    .   (shield currently unavailable)
rNeg     . . .     Spirit   .   b - +2 steam dragon scales
rPois    +         Reflect  .   c - +1 hat
rElec    +         Harm     .   Q - +2 cloak
rCorr    +         Rampage  .   i - +0 pair of gloves
Will     +....                  B - +0 barding
Stlth    ++++......             p - amulet of regeneration
HPRegen  1.23/turn              d - +6 ring of intelligence
MPRegen  0.19/turn              C - ring of protection from cold

@: resistant, under a protective aura, hasted, quick
A: AC +3, large, see invisible, deformed body, poison resistance, slowness 2,
spit poison 1, naga tail 1
a: Spit Poison, Renounce Religion, Receive Corpses


You were in an ice cave.
You worshipped Kikubaaqudgha.
Kikubaaqudgha was greatly pleased with you.
You visited 3 branches of the dungeon, and saw 13 of its levels.
You also visited: Ossuary, Bailey and Ice Cave.

You collected 1122 gold pieces.

Inventory:

Hand Weapons
 s - a +0 spear of flaming
 w - a +3 dire flail of protection (weapon)
 F - a +2 dagger of venom
 L - a +3 scimitar of flaming
 W - a +2 dagger of electrocution
Missiles
 A - 3 throwing nets (quivered)
Armour
 b - +2 steam dragon scales (worn)
 c - a +1 hat (worn)
 i - a +0 pair of gloves (worn)
 n - a +2 buckler
 B - a +0 barding (worn)
 G - a +2 robe of willpower
 N - +0 acid dragon scales
 Q - a +2 cloak (worn)
Magical Staves
 e - a staff of poison
 k - a staff of earth
 E - a staff of death
Jewellery
 d - a +6 ring of intelligence (left hand)
 p - an amulet of regeneration (around neck)
 q - a ring of protection from fire
 r - an amulet of the acrobat
 C - a ring of protection from cold (right hand)
 H - a ring of positive energy
 R - a ring of resist corrosion
Wands
 t - a wand of acid (11)
 x - a wand of mindburst (4)
 I - a wand of flame (13)
 K - a wand of iceblast (6)
Scrolls
 h - a scroll of torment
 j - 6 scrolls of teleportation {unknown}
 m - a scroll of silence
 u - 2 scrolls of vulnerability
 y - 2 scrolls of acquirement
 M - 2 scrolls of fog
 O - a scroll of amnesia
 P - a scroll of enchant armour
Potions
 a - 5 potions of flight
 g - 2 potions of attraction
 o - a potion of brilliance {unknown}
 v - a potion of haste
 z - a potion of curing
 D - a potion of heal wounds {unknown}
 J - a potion of lignification {unknown}


   Skills:
 + Level 4.9 Armour
 - Level 1.5 Dodging
 - Level 9.0 Stealth
 - Level 9.0 Spellcasting
 - Level 6.0 Conjurations
 - Level 1.0 Summonings
 + Level 5.9 Necromancy
 - Level 1.0 Translocations
 * Level 0.0 Fire Magic
 - Level 9.0 Ice Magic
 - Level 9.0 Poison Magic


You couldn't memorise any spells.
You knew the following spells:

 Your Spells              Type           Power      Damage    Failure   Level
a - Sticky Flame          Conj/Fire      25%        2d5       17%         4
b - Blink                 Tloc           N/A        N/A       6%          2
c - Dispel Undead         Necr           39%        3d16      4%          4
d - Mephitic Cloud        Conj/Pois/Air  34%        N/A       2%          3
f - Hailstorm             Conj/Ice       46%        3d11      2%          4
g - Frozen Ramparts       Ice            100%       1d12      1%          3
q - Animate Dead          Necr           19%        N/A       4%          4
z - Apportation           Tloc           30%        N/A       3%          1
A - Freeze                Ice            100%       1d11      1%          1
Z - Sublimation of Blood  Necr           19%        N/A       1%          2

Your spell library contained the following spells:

 Spells                   Type           Power      Damage    Failure   Level
 Animate Skeleton         Necr           78%        N/A       1%          1
 Magic Dart               Conj           100%       1d8       1%          1
 Pain                     Necr           100%       1d9       1%          1
 Vampiric Draining        Necr           19%        2d8       1%          3
 Corpse Rot               Necr/Air       N/A        N/A       2%          2
 Summon Small Mammal      Summ           60%        N/A       3%          1
 Conjure Flame            Conj/Fire      25%        6-21      4%          3
 Dazzling Flash           Conj/Hex       50%        N/A       4%          3
 Ignite Poison            Fire/Tmut/Pois 25%        N/A       4%          3
 Corona                   Hex            11%        N/A       6%          1
 Call Imp                 Summ           15%        N/A       6%          2
 Slow                     Hex            10%        N/A       9%          2
 Gell's Gravitas          Tloc           7%         N/A       12%         3
 Lesser Beckoning         Tloc           7%         N/A       12%         3
 Teleport Other           Tloc           15%        N/A       12%         3
 Iskenderun's Mystic Bla  Conj/Tloc      27%        2d7       14%         4
 Agony                    Necr           39%        N/A       14%         5
 Excruciating Wounds      Necr           19%        N/A       14%         5
 Confusing Touch          Hex            10%        N/A       17%         3
 Fulminant Prism          Conj/Hex       12%        3d9       17%         4
 Simulacrum               Ice/Necr       23%        N/A       38%         6
 Death Channel            Necr           19%        N/A       61%         6
 Manifold Assault         Tloc           15%        N/A       71%         5
 Lee's Rapid Deconstruct  Erth           5%         3d7*      85%         5
 Silence                  Hex/Air        5%         N/A       85%         5
 Storm Form               Tmut/Air       5%         N/A       100%        7


Dungeon Overview and Level Annotations

Branches:
Dungeon (11/15)            Temple (1/1) D:4            Lair (1/6) D:8
    Orc (0/2) D:11        Ossuary (visited)          Bailey (visited)
  IceCv (1/1)

Altars:
Ashenzari
Cheibriados
Dithmenos
Elyvilon
Fedhas
Gozag
Kikubaaqudgha
Okawaru
Sif Muna
Wu Jian
Xom
Zin
Beogh

Shops:
D:4 *   D:8 =

Annotations:
D:11 unexplored area


Innate Abilities, Weirdness & Mutations

Your serpentine skin is tough. (AC +3)
You have supernaturally acute eyesight. (SInv)
Armour fits poorly on your strangely shaped body.
Your system is resistant to poisons. (rPois)
You cover ground very slowly.
You can spit poison.
You have a snake-like lower body.


Message History

The white imp gestures at you.
The puff of frost hits you but does no damage.
Unknown command.
Unknown command.
Casting: Blink (safe; 6% risk of failure)
Confirm with . or Enter, or press ? or * to list all spells.
Aiming: Dispel Undead (dangerous; 4% risk of failure)
Press: ? - help, Shift-Dir - straight line, f - death yak simulacrum, p - ice devil
Aim: a death yak simulacrum (100% to hit)
The death yak simulacrum is dispelled!
The ice devil hits you!
* * * LOW HITPOINT WARNING * * *
The ice devil freezes you. You resist.
* * * LOW HITPOINT WARNING * * *
The ice devil hits you but does no damage.
The death yak simulacrum gores you but does no damage.
The white imp completely misses you.
Unknown command.
Unknown command.
Okay, then.
You feel yourself speed up. The ice devil barely misses you.
The ice devil closely misses you. The death yak simulacrum gores you.
* * * LOW HITPOINT WARNING * * *
The death yak simulacrum freezes you! You resist.
* * * LOW HITPOINT WARNING * * *
The white imp hits you but does no damage.
Unknown command.
You feel better. The ice devil closely misses you. The ice devil hits you.
* * * LOW HITPOINT WARNING * * *
The ice devil freezes you. You resist.
* * * LOW HITPOINT WARNING * * *
Unknown command.
Unknown command.
You hit the ice devil but do no damage.
Your weapon exudes an aura of protection.
The ice devil is almost dead.
The white imp gestures at you.
The puff of frost hits you but does no damage.
The death yak simulacrum gores you!
You die...
Kikubaaqudgha rasps: "You have failed me!
Welcome... death!"

##...##
##.....##
#...∩...#
#...∩...#
##.....##
##...##
#...##
##.44#
#.5@#
#..Z##
#...#
#.....
.......
.......
.......
.......


You could see 2 ice devils, a white imp and a death yak simulacrum.

Vanquished Creatures
  Harold (D:8)
  Erica (D:8)
  A centaur warrior (D:8)
  A two-headed ogre (D:11)
  A cyclops (D:11)
  An orc sorcerer (Bailey)
  Joseph (D:7)
  A komodo dragon (Lair:1)
  An unseen horror (D:10)
  A kobold demonologist (Bailey)
  A hornet (D:9)
  2 shadows (D:10)
  2 wyverns
  2 wraiths
  8 yaks
  3 vampire mosquitoes (D:11)
  A steam dragon (D:6)
  2 acid dragons
  6 water moccasins
  2 sky beasts
  A necrophage (D:8)
  3 black bears (D:8)
  2 ice beasts
  14 orc warriors
  An ogre (D:4)
  3 centaurs
  A phantom (D:5)
  A gnoll sergeant (D:10)
  4 bullfrogs
  A water moccasin skeleton (D:5)
  4 howler monkeys
  5 electric eels (Bailey)
  4 centaur zombies
  2 human zombies (Ossuary)
  A jelly (D:6)
  2 hounds
  5 orc priests
  A centaur skeleton (D:4)
  Jessica (D:2)
  8 iguanas
  13 orc wizards
  A killer bee zombie (D:7)
  A hound skeleton (D:3)
  A howler monkey zombie (D:10)
  2 mummies (Ossuary)
  A howler monkey skeleton (D:7)
  8 gnolls
  4 adders
  A shadow imp (D:7)
  A white imp (D:5)
  2 adder skeletons
  3 worms
  7 dart slugs
  56 orcs
  4 bats
  3 endoplasms
  A giant cockroach (D:3)
  3 gnoll zombies (Ossuary)
  21 goblins
  18 hobgoblins
  3 jackals (D:3)
  3 quokkas
  8 ball pythons
  3 frilled lizards
  2 goblin zombies (Ossuary)
  4 hobgoblin zombies (Ossuary)
  5 kobolds
  3 orc zombies (Ossuary)
  8 rats
293 creatures vanquished.

Vanquished Creatures (collateral kills)
  2 ice devils (Lair:1)
  An ufetubus (IceCv)
3 creatures vanquished.

Vanquished Creatures (others)
  A centaur (D:10)
  6 killer bees (D:11)
  19 fungi (D:8)
  22 plants
  4 toadstools (D:1)
52 creatures vanquished.

Grand Total: 348 creatures vanquished

Notes
Turn   | Place    | Note
-------+----------+-------------------------------------------
     0 | D:1      | GameOver the Naga Hedge Wizard began the quest for the Orb.
     0 | D:1      | Reached XP level 1. HP: 15/15 MP: 4/4
   178 | D:1      | Reached XP level 2. HP: 22/22 MP: 4/6
   524 | D:1      | Found a faded altar of an unknown god.
   841 | D:1      | Reached XP level 3. HP: 28/28 MP: 5/7
   843 | D:1      | Learned a level 1 spell: Freeze
   846 | D:1      | Learned a level 2 spell: Blink
   850 | D:1      | Learned a level 3 spell: Mephitic Cloud
  1084 | D:2      | Found an opulent altar of Gozag.
  1262 | D:2      | Reached XP level 4. HP: 36/36 MP: 2/8
  1533 | D:2      | Noticed Jessica
  1538 | D:2      | Killed Jessica
  2241 | D:3      | Reached XP level 5. HP: 31/42 MP: 7/9
  2249 | D:3      | Reached skill level 1 in Poison Magic
  2275 | D:3      | Found a shadowy altar of Dithmenos.
  2284 | D:3      | Reached skill level 1 in Ice Magic
  2439 | D:3      | Reached skill level 5 in Conjurations
  2621 | D:3      | Learned a level 3 spell: Frozen Ramparts
  2750 | D:4      | Reached XP level 6. HP: 43/49 MP: 7/10
  2900 | D:4      | Reached XP level 7. HP: 55/55 MP: 5/11
  2914 | D:4      | Found Rcviwaoss's Retail Resort.
  2942 | D:4      | Found a staircase to the Ecumenical Temple.
  2947 | Temple   | Entered the Ecumenical Temple
  2958 | Temple   | Became a worshipper of Kikubaaqudgha
  3257 | D:5      | Entered Level 5 of the Dungeon
  3390 | D:5      | Found a sand-covered staircase.
  3405 | Ossuary  | Entered an ossuary
  3841 | D:5      | Reached skill level 5 in Stealth
  3878 | D:5      | Reached * piety under Kikubaaqudgha
  3878 | D:5      | Received a gift from Kikubaaqudgha
  3891 | D:5      | Reached XP level 8. HP: 62/62 MP: 4/12
  3900 | D:5      | Reached skill level 5 in Poison Magic
  4415 | D:6      | Identified the +5 ring mail of the Snake Pit {Harm rF+
                  | Will+}
  5295 | D:7      | Reached skill level 5 in Ice Magic
  5348 | D:7      | Reached XP level 9. HP: 68/68 MP: 4/15
  5462 | D:6      | Learned a level 4 spell: Hailstorm
  5604 | D:7      | Noticed Joseph
  5649 | D:7      | Killed Joseph
  5650 | D:7      | Reached skill level 5 in Spellcasting
  5666 | D:7      | Found a runed translucent door.
  5812 | D:7      | Reached ** piety under Kikubaaqudgha
  6129 | D:8      | Reached XP level 10. HP: 57/75 MP: 0/19
  6129 | D:8      | Noticed Harold
  6148 | D:8      | Noticed a centaur warrior
  6163 | D:8      | Noticed Erica
  6170 | D:8      | Killed a centaur warrior
  6173 | D:8      | Reached *** piety under Kikubaaqudgha
  6173 | D:8      | Received a gift from Kikubaaqudgha
  6183 | D:8      | Killed Harold
  6203 | D:8      | Killed Erica
  6248 | D:8      | Found a staircase to the Lair.
  6279 | D:8      | Found Pacvoiph's Jewellery Shop.
  6952 | D:9      | Reached skill level 1 in Armour
  6952 | D:9      | Reached skill level 1 in Necromancy
  6952 | D:9      | Reached XP level 11. HP: 42/81 MP: 15/24
  7460 | D:10     | Entered Level 10 of the Dungeon
  7520 | D:10     | Found a flagged portal.
  7529 | Bailey   | Entered a bailey
  7535 | Bailey   | Learned a level 2 spell: Sublimation of Blood
  7626 | Bailey   | Found an iron altar of Okawaru.
  7626 | Bailey   | Noticed an orc sorcerer
  7639 | Bailey   | Killed an orc sorcerer
  7651 | Bailey   | Reached **** piety under Kikubaaqudgha
  7753 | Bailey   | Identified the +0 crystal plate armour of the Stars {SInv}
  8733 | D:10     | Learned a level 4 spell: Dispel Undead
  8762 | D:11     | Noticed a two-headed ogre
  8772 | D:11     | Killed a two-headed ogre
  8817 | D:11     | Noticed a cyclops
  8858 | D:11     | Killed a cyclops
  8859 | D:11     | Reached skill level 5 in Necromancy
  8882 | D:11     | Found a staircase to the Orcish Mines.
  9088 | D:11     | Learned a level 1 spell: Apportation
  9276 | Lair:1   | Entered Level 1 of the Lair of Beasts
  9409 | Lair:1   | Noticed a six-headed hydra
  9461 | Lair:1   | Learned a level 4 spell: Animate Dead
  9491 | Lair:1   | Found a frozen archway.
  9500 | Lair:1   | Learned a level 4 spell: Sticky Flame
  9501 | IceCv    | Entered an ice cave
  9538 | IceCv    | Slain by a death yak simulacrum

Illustrated notes

Levels and vault maps discovered:
D:1:      wander_arrival_chamber, layout_loops_corners,
          shapermc_ecumenical_altar_pompeii, grunt_decor_clamped,
          minmay_gold_behind_fungi, minmay_misc_feat_iff
D:2:      layout_basic, basic_altar, minivault_11, st_stairs_5,
          kennysheep_generic_room_16, uniq_jessica
D:3:      layout_loops_cross, mainiacjoe_overflow_concentric_impassable
D:4:      layout_cave_pools, minmay_temple_entry_statues_pillars,
          nicolae_alphabet_shops
D:5:      layout_cave_pools, nicolae_ossuary_entry_ruins,
          kennysheep_generic_room_9
D:6:      layout_basic
D:7:      layout_basic, lightli_church_of_beogh, uniq_joseph
D:8:      layout_cave_pools, due_lair_maze_entry_diamond, serial_shops,
          kennysheep_little_box, uniq_erica, uniq_harold
D:9:      layout_basic, serial_curves, eino_curves_02, eino_curves_04
D:10:     layout_big_octagon, enter_bailey_5, nicolae_water_bricks,
          lemuel_flame_loot_1
D:11:     layout_roguey, orc_0_dummy, lemuel_flamethrower_2
Temple:   compressed_dpeg_circular_temple
Lair:1:   layout_misc_corridors, portal_ice_cave_demonic_guard
IceCv:    ice_cave_tombish

Skill      XL: |  1  2  3  4  5  6  7  8  9 10 11 |
---------------+----------------------------------+-----
Conjurations   | 2 3 4 5 6 |  6.0
Poison Magic   | 2 3 4 6 8 9 |  9.0
Ice Magic      | 1 2 3 5 6 8 9 |  9.0
Stealth        | 5 7 9 |  9.0
Spellcasting   | 4 6 9 |  9.0
Armour         | 1 4 |  4.9
Necromancy     | 1 5 |  5.9
Dodging        | |  1.5
Summonings     | |  1.0
Translocations | |  1.0

Action                   |  1- 3 |  4- 6 |  7- 9 | 10-12 || total
-------------------------+-------+-------+-------+-------++-------
Melee: Short sword       |       |     3 |       |       ||     3
       Dagger            |       |    23 |    51 |     8 ||    82
       Spear             |       |       |   125 |       ||   125
       Flail             |       |       |    33 |       ||    33
       Dire flail        |       |       |    24 |   283 ||   307
Throw: Throwing net      |       |       |       |     1 ||     1
 Cast: Magic Dart        |    36 |    48 |   114 |       ||   198
       Freeze            |       |     3 |    17 |    12 ||    32
       Mephitic Cloud    |       |     3 |    32 |    35 ||    70
       Blink             |       |       |     2 |     8 ||    10
       Frozen Ramparts   |       |       |     2 |     3 ||     5
       Hailstorm         |       |       |     1 |     1 ||     2
       Dispel Undead     |       |       |       |     5 ||     5
       Animate Dead      |       |       |       |     2 ||     2
       Sticky Flame      |       |       |       |     2 ||     2
Invok: Receive Corpses   |       |       |       |     2 ||     2
 Abil: Spit Poison       |    35 |    39 |    66 |    79 ||   219
Evoke: Wand              |       |       |     7 |    13 ||    20
  Use: Scroll            |       |       |     8 |     7 ||    15
       Potion            |       |       |     1 |     7 ||     8
 Stab: Sleeping          |       |     1 |       |     3 ||     4
       Confused          |       |     1 |     5 |     7 ||    13
Armor: Robe              |     1 |    16 |    42 |       ||    59
       Steam dragon scal |       |       |    73 |   301 ||   374
Dodge: Dodged            |     4 |    20 |    89 |   148 ||   261
